 Dungeon Crawl Stone Soup version 0.30-a0-824-g6c64550be9 (webtiles) character file.

Game seed: 8619540122518750543

276 dialectric the Covered (level 6, 0/36 HPs)
             Began as a Gargoyle Wanderer on Feb 27, 2023.
             Slain by an iguana (12 damage)
             ... on level 4 of the Dungeon.
             The game lasted 00:04:02 (2370 turns).

dialectric the Covered (Gargoyle Wanderer)          Turns: 2370, Time: 00:04:02

Health: 0/36       AC: 14    Str: 19 (21) XL:     6   Next: 25%
Magic:  6/6        EV:  7    Int:  8      God:
Gold:   90         SH:  0    Dex:  9 (10) Spells: 5/5 levels left

rFire   . . .      SeeInvis .    a - +0 spear
rCold   . . .      Faith    .    (no shield)
rNeg    + . .      Spirit   .    q - +0 chain mail
rPois   ∞          Reflect  .    (no helmet)
rElec   +          Harm     +    p - scarf {harm}
rCorr   .          Rampage  .    (no gloves)
Will    .....                    (no boots) Stlth
                                 (no amulet)
HPRegen 0.26/turn                (no ring)
MPRegen 0.10/turn                (no ring)

@: no status effects
A: sickness immunity, AC +4, negative energy resistance 1, electricity
resistance, torment resistance 1, petrification resistance
a: no special abilities


You were on level 4 of the Dungeon.
You visited 1 branch of the dungeon, and saw 4 of its levels.

You collected 90 gold pieces.

Inventory:

Hand Weapons
 a - a +0 spear (weapon)
Missiles
 m - a throwing net (quivered)
 n - 4 datura-tipped darts
Armour
 b - a +2 scale mail
 k - a +0 plate armour
 p - a scarf of harm (worn)
 q - a +0 chain mail (worn)
Jewellery
 i - an amulet of magic regeneration
Scrolls
 f - a scroll of noise {unknown}
 h - 2 scrolls of identify
 l - a scroll of fear {unknown}
 r - a scroll of teleportation {unknown}
Potions
 c - a potion of curing
 d - a potion of attraction
 e - a potion of brilliance
 g - a potion of degeneration
 j - a potion of berserk rage
 o - a potion of experience {unknown}


   Skills:
 * Level 2.6 Fighting
 * Level 4.9 Polearms
 + Level 5.7 Armour
 - Level 1.0 Dodging
 - Level 1.0 Evocations


You had 5 spell levels left.
You didn't know any spells.
Your spell library contained the following spells:

 Spells                   Type           Power      Damage    Failure   Level
 Blink                    Tloc           0%         N/A       100%        2
 Ensorcelled Hibernation  Hex/Ice        0%         N/A       100%        2
 Passwall                 Tmut/Erth      0%         N/A       100%        2
 Swiftness                Air            0%         N/A       100%        3
 Manifold Assault         Tloc           0%         N/A       100%        4
 Storm Form               Tmut/Air       0%         N/A       100%        7


Dungeon Overview and Level Annotations

Branches:
Dungeon (4/15)
 Temple: D:4-7

Altars:

Annotations:
D:4 Grinder


Innate Abilities, Weirdness & Mutations

You are immune to sickness and miasma.
Your stone body is resilient. (AC +4)
You are immune to poison.
You resist negative energy. (rN+)
You are resistant to electric shocks. (rElec)
You are resistant to unholy torment.
You are immune to petrification.


Message History

You enter the shallow water.
Moving in this stuff is going to be slow.
Grinder comes into view.
Grinder shouts!
A giant cockroach comes into view.
There are monsters nearby!
There are monsters nearby!
Grinder gestures at you. You resist with significant effort.
An iguana comes into view.
There are monsters nearby!
The iguana hisses angrily.
Grinder gestures at you. Pain shoots through your body!
There are monsters nearby!
You reach to attack!
You hit the giant cockroach but do no damage.
You closely miss the giant cockroach.
The giant cockroach bites you but does no damage.
Grinder blinks!
You hit the giant cockroach but do no damage.
You punch the giant cockroach, but do no damage.
The giant cockroach bites you but does no damage.
You hit the giant cockroach but do no damage.
The giant cockroach bites you but does no damage.
You hit the giant cockroach.
You kill the giant cockroach!
You hit the iguana.
The iguana is lightly wounded.
The iguana bites you!
Grinder blinks!
You hit the iguana but do no damage.
The iguana is lightly wounded.
The iguana bites you!
You are too injured to fight recklessly!
You are too injured to fight recklessly!
You are too injured to fight recklessly!
The iguana attacks as you move away! The iguana closely misses you.
Found 5 gold pieces.
The iguana bites you!
You die...

######.##.#####~~~~....##~
####'##.#######..........
#...........# #.....#####
#...........# #.....#
###...........###.....#
......................#
###...........##......#
....############.l....#
###.# #@###....... ..#.#
#.# ....... ..#.# #.#
....... ..#.# #.# ......§
..#.# #.# ....... ..#.#
#$# ....... ###.# #.#
....... #.#


You could see an iguana.

Vanquished Creatures
  A black bear (D:4)
  Robin (D:3)
  4 gnolls (D:3)
  5 adders
  2 worms (D:3)
  2 dart slugs
  11 ball pythons
  7 endoplasms
  5 giant cockroaches
  14 goblins
  8 hobgoblins
  2 kobolds
  4 quokkas
  2 bats
  4 frilled lizards (D:1)
  6 rats
78 creatures vanquished.

Notes
Turn   | Place    | Note
-------+----------+-------------------------------------------
     0 | D:1      | dialectric the Gargoyle Wanderer began the quest for the
                  | Orb.
     0 | D:1      | dialectric set off with the following items: a +0 spear, a
                  | +2 scale mail, a potion of curing, a potion of attraction.
     0 | D:1      | Reached XP level 1. HP: 12/12 MP: 1/1
    79 | D:1      | Reached XP level 2. HP: 6/16 MP: 2/2
   538 | D:1      | Reached skill level 5 in Armour
   565 | D:1      | Reached XP level 3. HP: 20/20 MP: 3/3
  1047 | D:2      | Reached XP level 4. HP: 25/25 MP: 4/4
  1188 | D:2      | Noticed Robin
  1284 | D:3      | Reached XP level 5. HP: 19/30 MP: 5/5
  2059 | D:3      | Killed Robin
  2246 | D:4      | Noticed a black bear
  2257 | D:4      | Killed a black bear
  2258 | D:4      | Reached XP level 6. HP: 21/36 MP: 6/6
  2357 | D:4      | Noticed Grinder
  2370 | D:4      | Slain by an iguana

Illustrated notes

Levels and vault maps discovered:
D:1:      heliophobic_arrival_henge, layout_basic, minmay_distorted
D:2:      layout_basic, uniq_robin
D:3:      layout_basic
D:4:      minmay_chambers_of_fours, layout_basic, lemuel_tele_altar,
          serial_shops, nicolae_take_the_stairs, minmay_manual_mullet,
          uniq_grinder

Skill      XL: |  1  2  3  4  5 |
---------------+----------------+-----
Polearms       | 3 4 |  4.9
Armour         | 5 |  5.7
Fighting       | 2 |  2.6
Dodging        | |  1.0
Evocations     | |  1.0

Action                     |  1- 3 |  4- 6 || total
---------------------------+-------+-------++-------
  Melee: Spear             |   165 |   184 ||   349
         Punch             |     1 |     2 ||     3
  Throw: Throwing net      |       |     2 ||     2
    Use: Potion            |       |     3 ||     3
         Scroll            |       |     2 ||     2
 Armour: Scale mail        |    83 |    51 ||   134
         Chain mail        |       |    74 ||    74
  Dodge: Dodged            |    64 |    87 ||   151

Table legend: (Time is in decaauts)
 A = Elapsed time spent in this place.
 B = Non-inter-level travel time spent in this place.
 C = Inter-level travel time spent in this place.
 D = Time resting spent in this place.
 E = Time spent auto-exploring this place.
 F = Levels seen in this place.
 G = Mean time per level.
                   A        B        C        D        E       F      G
               +--------+--------+--------+--------+--------+-----+--------+
         Total |   2349 |   2286 |     63 |    307 |   1297 |   4 |  587.2 |
       Dungeon |   2349 |   2286 |     63 |    307 |   1297 |   4 |  587.2 |
               +--------+--------+--------+--------+--------+-----+--------+

Top non-repeatable levels by time:
     D:1: 885 daAuts
     D:3: 738 daAuts
     D:2: 590 daAuts
     D:4: 134 daAuts
